[Event "*** SCC Grand Prix: Titled Tuesday Blitz"]
[Site "Chess.com"]
[Date "2020.08.11"]
[Round "10"]
[White "Chernobay_Artem"]
[Black "volkanyirik"]
[Result "0-1"]
[WhiteElo "2458"]
[BlackElo "2296"]
[TimeControl "180+1"]
[EndTime "11:55:35 PDT"]
[Termination "volkanyirik won by resignation"]

1. d4 Nf6 2. c4 c5 3. d5 b5 4. cxb5 a6 5. bxa6 Bxa6 6. Nc3 d6 7. e4 Bxf1 8. Kxf1 g6 9. Nf3 Bg7 10. g3 O-O 11. Kg2 Nbd7 12. a4 Qa5 13. Ra3 Rfb8 14. Re1 Ng4 15. Nb5 Nge5 16. Bd2 Qb6 17. Bc3 Nc4 18. Ra1 Nxb2 19. Qe2 Nxa4 20. Bxg7 Kxg7 21. Reb1 f6 22. Rb3 Nc3 23. Rxc3 Rxa1 24. Rb3 Qa5 25.
Nd2 Ra2 0-1

[Event "*** SCC Grand Prix: Titled Tuesday Blitz"]
[Site "Chess.com"]
[Date "2020.08.11"]
[Round "10"]
[White "Spriteball"]
[Black "IMAghasiyevKamal"]
[Result "0-1"]
[WhiteElo "2142"]
[BlackElo "2448"]
[TimeControl "180+1"]
[EndTime "11:55:36 PDT"]
[Termination "IMAghasiyevKamal won by resignation"]

1. c4 f5 2. Nc3 Nf6 3. d4 g6 4.
Bg5 Bg7 5. Nf3 d6 6. Bxf6 Bxf6 7. e4 O-O 8. Bd3 fxe4 9. Nxe4 Bg7 10. h4 Bg4 11. h5 gxh5 12. Qe2 Nc6 13. Qe3 e5 14. d5 Nd4 15. Nxd4 exd4 16. Qg3 Be5 17. Qh4 Qxh4 18.
Rxh4 Rae8 19. f3 Bg3+ 20. Kd2 Bxh4 21. fxg4 Rf4 22. g3 Rfxe4 23. Bxe4 Rxe4 24. gxh4 hxg4 25. Kd3 Rf4 26. Re1 Kf7 27. b4 h5 28. c5 g3 29. Re2 Rxh4 30. Rg2 Rg4 31. cxd6 cxd6 32.
Ke2 h4 33. Kf3 Rg8 34. Rg1 h3 35. Rxg3 Rxg3+ 36. Kxg3 d3 37. Kxh3 d2 38. Kg3 d1=Q 39. Kf2 Qxd5 40. Ke3 Qc4 41. Kd2 d5 0-1

[Event "*** SCC Grand Prix: Titled Tuesday Blitz"]
[Site "Chess.com"]
[Date "2020.08.11"]
[Round "10"]
[White "FairChess_on_YouTube"]
[Black "nrvisakh"]
[Result "1-0"]
[WhiteElo "2987"]
[BlackElo "2774"]
[TimeControl "180+1"]
[EndTime "11:55:41 PDT"]
[Termination "FairChess_on_YouTube won by resignation"]

1. c4 e5 2. Nc3 Nf6 3. Nf3 Nc6 4. e3 Bb4 5. Qc2 Bxc3 6. Qxc3 Qe7 7. d4 Ne4 8. Qd3 exd4 9. Nxd4 Nxd4 10. Qxd4 O-O 11.
Bd3 Re8 12. O-O d6 13. b3 c5 14. Qb2 Bf5 15. Rd1 Bg6 16. f3 Nf6 17. Bxg6 hxg6 18.
e4 Rad8 19. Bg5 Qe5 20. Qd2 a6 21. Rac1 Rd7 22. Rc3 b5 23. Rd3 bxc4 24. bxc4 Rb8 25. Bf4 Qb2 26. Bxd6 Qxd2 27. R3xd2 Rbd8 28. Bf4 Rxd2 29. Rxd2 Rxd2 30. Bxd2 Nd7 31. Kf2 f6 32. Ke2 Ne5 33.
Be3 Nxc4 34. Bxc5 Kf7 35. Kd3 Ne5+ 36. Kc3 g5 37. Bd4 Nc6 38. Kc4 Ke6 39. Kc5 Ne7 40.
Kb6 f5 41. Kxa6 Nc6 42. Bc3 g4 43. Kb6 gxf3 44. gxf3 1-0

[Event "*** SCC Grand Prix: Titled Tuesday Blitz"]
[Site "Chess.com"]
[Date "2020.08.11"]
[Round "10"]
[White "parintele_chess"]
[Black "chess_rehab"]
[Result "0-1"]
[WhiteElo "2121"]
[BlackElo "2298"]
[TimeControl "180+1"]
[EndTime "11:55:41 PDT"]
[Termination "chess_rehab won by resignation"]

1. d4 d5 2. c4 e6 3. Nc3 Nf6 4.
cxd5 exd5 5. Bg5 c6 6. e3 Be6 7. Bd3 Bd6 8. Qc2 Nbd7 9. Nf3 Qc7 10. O-O h6 11. Bh4 g5 12. Bg3 g4 13. Nd2 h5 14.
Nb5 Bxg3 15. Nxc7+ Bxc7 16. e4 dxe4 17. Nxe4 O-O-O 18. Nxf6 Nxf6 19. Bf5 h4 20. Bxe6+ fxe6 21. Rfe1 g3 22.
fxg3 hxg3 23. h3 Rxd4 24. Rxe6 Bb6 25. Kh1 Ng4 26. Rf1 Nf2+ 27. Qxf2 gxf2 28. Rxf2 Rd1+ 0-1

[Event "*** SCC Grand Prix: Titled Tuesday Blitz"]
[Site "Chess.com"]
[Date "2020.08.11"]
[Round "10"]
[White "GoltsevDmitry2000"]
[Black "Twitch_ElhamBlitz05"]
[Result "0-1"]
[WhiteElo "2637"]
[BlackElo "2768"]
[TimeControl "180+1"]
[EndTime "11:55:42 PDT"]
[Termination "Twitch_ElhamBlitz05 won by resignation"]

1. e4 c6 2. Nf3 d5 3. exd5 cxd5 4. b3 Nf6 5. Bb2 Nbd7 6. g3 g6 7. Bg2 Bg7 8. O-O O-O 9. Re1 e6 10. Nc3 a6 11. Ne2 Re8 12. d3 e5 13. c4 e4 14. dxe4 dxe4 15. Nfd4 e3 16. fxe3 Ng4 17. Nf4 Nxe3 18. Qd3 Nc5 19. Qc3 Nxg2 20. Kxg2 Rxe1 21. Rxe1 b6 22. Qf3 Bb7 23. Nd5 Bxd5 24. cxd5 Qd7 25. d6 Rf8 26. Qd5 Nd3 27. Re7 Qg4 28. Nf3 Nf4+ 0-1

[Event "*** SCC Grand Prix: Titled Tuesday Blitz"]
[Site "Chess.com"]
[Date "2020.08.11"]
[Round "10"]
[White "AlexSuv"]
[Black "StephenDedalus83"]
[Result "1/2-1/2"]
[WhiteElo "2496"]
[BlackElo "2762"]
[TimeControl "180+1"]
[EndTime "11:55:53 PDT"]
[Termination "Game drawn by agreement"]

1. d4 Nf6 2. c4 g6 3. Nc3 Bg7 4. e4 d6 5. Nf3 O-O 6. Be2 e5 7. Be3 Ng4 8. Bg5 f6 9. Bh4 g5 10. Bg3 Nh6 11. dxe5 dxe5 12. Qc2 Nc6 13. Rd1 Qe8 14.
O-O g4 15. Nh4 Be6 16. Nd5 Qf7 17. Nf5 Nxf5 18. exf5 Bxd5 19. cxd5 Nd4 20. Qe4 Nxe2+ 21. Qxe2 h5 22. f3 gxf3 23. Qxf3 Rad8 24. Rf2 Rd7 25.
Rfd2 Rfd8 26. Bf2 Bf8 27. Qe4 c6 28. d6 Rxd6 29. Rxd6 Rxd6 30. Rxd6 Bxd6 31. b3 a6 32. Qf3 Kf8 33. h4 Ke7 34. g4 hxg4 35. Qxg4 Kf8 36. Kf1 Qg7 37. Qf3 Qh6 38. h5 Qg5 39. Be3 Qh4 40. h6 e4 41. Qg2 Bg3 42. Bf2 Bxf2 43. Qg7+ Ke8 44. h7 Qh1+ 45. Kxf2 Qf3+ 46. Kg1 Qe3+ 47. Kh2 Qf4+ 48. Kh3 Qf3+ 49. Kh2 Qf2+ 50. Kh3 Qf3+ 51. Kh2 Qf2+ 52. Kh1 Qf1+ 53. Kh2 1/2-1/2

[Event "*** SCC Grand Prix: Titled Tuesday Blitz"]
[Site "Chess.com"]
[Date "2020.08.11"]
[Round "10"]
[White "Iris77"]
[Black "hongnhung1234"]
[Result "0-1"]
[WhiteElo "2063"]
[BlackElo "2262"]
[TimeControl "180+1"]
[EndTime "11:55:54 PDT"]
[Termination "hongnhung1234 won by resignation"]

1. d4 Nf6 2. Bf4 c5 3. d5 d6 4. Nc3 a6 5. a4 g6 6. e4 Bg7 7. Nf3 O-O 8. Be2 Nbd7 9. O-O Ng4 10. h3 Nge5 11. Nd2 Rb8 12. Bh2 f5 13. f4 Nf7 14.
exf5 gxf5 15. Bd3 Nf6 16. Qf3 e6 17. Rae1 exd5 18. Nxd5 Nxd5 19. Qxd5 Qf6 20. b3 b5 21.
axb5 axb5 22. Qf3 Bb7 23. Qf2 Qg6 24. Re2 Bd4 0-1

[Event "*** SCC Grand Prix: Titled Tuesday Blitz"]
[Site "Chess.com"]
[Date "2020.08.11"]
[Round "10"]
[White "Onischuk_V"]
[Black "AvitalBor"]
[Result "1-0"]
[WhiteElo "2927"]
[BlackElo "2843"]
[TimeControl "180+1"]
[EndTime "11:55:55 PDT"]
[Termination "Onischuk_V won by resignation"]

1. e4 e5 2. Nf3 Nc6 3. Bc4 g6 4. d3 Bg7 5. Nbd2 d6 6. c3 h6 7. Nf1 Nge7 8. Ng3 a6 9. Bb3 O-O 10. O-O Kh7 11. d4 Bg4 12. Ng5+ hxg5 13. Qxg4 exd4 14.
Bxg5 dxc3 15. bxc3 Kg8 16. Rac1 Qc8 17. Qh4 Qd7 18.
f4 Rfe8 19. f5 gxf5 20. Qh5 Ne5 21. exf5 N7c6 22. f6 Bh8 23. Rf4 d5 24. Rh4 1-0

[Event "*** SCC Grand Prix: Titled Tuesday Blitz"]
[Site "Chess.com"]
[Date "2020.08.11"]
[Round "10"]
[White "Iskusnyh"]
[Black "kakakz"]
[Result "1-0"]
[WhiteElo "2563"]
[BlackElo "2436"]
[TimeControl "180+1"]
[EndTime "11:55:58 PDT"]
[Termination "Iskusnyh won by resignation"]

1. d4 Nf6 2. c4 g6 3. g3 Bg7 4.
Bg2 d6 5. Nc3 O-O 6. Nf3 c6 7. O-O Nbd7 8. e4 e5 9. Be3 Re8 10. h3 exd4 11. Nxd4 Nc5 12. Qc2 a5 13. Rad1 a4 14. Nxc6 bxc6 15. Bxc5 dxc5 16. Rxd8 Rxd8 17.
e5 Bf5 18. Qc1 Nd7 19. f4 Nb6 20. Ne4 Rd4 21. Nd6 Be6 22. b3 axb3 23. axb3 Ra2 24. Rf2 Rxf2 25. Kxf2 f6 26. Ne8 fxe5 27. Nxg7 Kxg7 28.
fxe5 Nd7 29. Qg5 Nf8 30. Bxc6 1-0

[Event "*** SCC Grand Prix: Titled Tuesday Blitz"]
[Site "Chess.com"]
[Date "2020.08.11"]
[Round "10"]
[White "pavelalexandru07"]
[Black "Ave_Mariia"]
[Result "0-1"]
[WhiteElo "2222"]
[BlackElo "2395"]
[TimeControl "180+1"]
[EndTime "11:56:01 PDT"]
[Termination "Ave_Mariia won by resignation"]

1. e4 c5 2. Nf3 d6 3. d4 cxd4 4. Nxd4 Nf6 5. Nc3 g6 6. Be3 Bg7 7. Bc4 O-O 8. f3 Nc6 9. Qd2 Bd7 10. O-O-O Rc8 11. Bb3 Nxd4 12. Bxd4 b5 13. Kb1 b4 14.
Nd5 Nxd5 15. Bxd5 Bxd4 16. Qxd4 Qc7 17. Rd2 a5 18. e5 Bf5 19. exd6 Bxc2+ 20. Ka1 Qxd6 21.
Qf2 Qc5 22. Qh4 Bf5 23. Rdd1 Rfd8 24. Bxf7+ Kxf7 25. Qxh7+ Kf6 26. Rde1 Rh8 0-1

[Event "*** SCC Grand Prix: Titled Tuesday Blitz"]
[Site "Chess.com"]
[Date "2020.08.11"]
[Round "10"]
[White "rugbyclub"]
[Black "Unknown_IM"]
[Result "1-0"]
[WhiteElo "2219"]
[BlackElo "2368"]
[TimeControl "180+1"]
[EndTime "11:56:01 PDT"]
[Termination "rugbyclub won by resignation"]

1. c4 c5 2. g3 g6 3. Bg2 Bg7 4. Nc3 Nc6 5. a3 Nf6 6. Rb1 O-O 7. b4 cxb4 8. axb4 a6 9. d4 d6 10. e4 Bd7 11. Nge2 Rb8 12. O-O b5 13. c5 Bg4 14.
f3 Bc8 15. f4 Bg4 16. d5 Nxb4 17. Rxb4 dxc5 18. Rb1 b4 19. h3 Bd7 20. Na4 Qa5 21. Nb2 Bb5 22. e5 Nd7 23. Be3 c4 24.
Nd4 c3 25. Nd3 Bxd3 26. Qxd3 Nc5 27. Qc4 Rfc8 28. Nc6 Rc7 29. Bxc5 Qb5 30. Rxb4 1-0

[Event "*** SCC Grand Prix: Titled Tuesday Blitz"]
[Site "Chess.com"]
[Date "2020.08.11"]
[Round "10"]
[White "KyrgyzFighter"]
[Black "MVM2008"]
[Result "1-0"]
[WhiteElo "2321"]
[BlackElo "2195"]
[TimeControl "180+1"]
[EndTime "11:56:01 PDT"]
[Termination "KyrgyzFighter won on time"]

1. c4 Nf6 2. Nc3 g6 3. e4 d6 4. d4 Bg7 5. f3 O-O 6. Be3 Nc6 7. Qd2 a6 8. Nge2 Re8 9. Rc1 Bd7 10.
g3 Qb8 11. Bg2 b5 12. c5 dxc5 13. d5 Ne5 14. Bxc5 Nc4 15. Qc2 e6 16. dxe6 Bxe6 17.
O-O Nd7 18. Bf2 Ndb6 19. Nf4 b4 20. Ncd5 Bxd5 21. Nxd5 Nxd5 22. Qxc4 Ne7 23. Qxc7 Qxc7 24. Rxc7 Bxb2 25. Rd1 Bc3 26. Rdd7 Kf8 27. Bc5 Bf6 28.
e5 Bxe5 29. Bxe7+ 1-0

[Event "*** SCC Grand Prix: Titled Tuesday Blitz"]
[Site "Chess.com"]
[Date "2020.08.11"]
[Round "10"]
[White "Morshynska"]
[Black "TurboSteen"]
[Result "0-1"]
[WhiteElo "2148"]
[BlackElo "2015"]
[TimeControl "180+1"]
[EndTime "11:56:02 PDT"]
[Termination "TurboSteen won by checkmate"]

1. e4 e6 2. d4 d5 3. Nd2 Nf6 4. e5 Nfd7 5. Bd3 c5 6. c3 Nc6 7.
Ne2 cxd4 8. cxd4 f6 9. Nf3 fxe5 10. dxe5 Ndxe5 11. Nxe5 Nxe5 12. Bc2 Bb4+ 13. Kf1 O-O 14. Nf4 Qf6 15. h4 Nc4 16. Rb1 Bd7 17. Kg1 Bd6 18.
g3 Bxf4 19. Bxf4 e5 20. Qxd5+ Be6 21. Qe4 exf4 22. Qxh7+ Kf7 23. h5 fxg3 24. fxg3 Qd4+ 25. Kg2 Ne3+ 26. Kh2 Qd2+ 27. Kg1 Qg2# 0-1

[Event "*** SCC Grand Prix: Titled Tuesday Blitz"]
[Site "Chess.com"]
[Date "2020.08.11"]
[Round "10"]
[White "Grineva_Marianna"]
[Black "redbaron8888"]
[Result "1-0"]
[WhiteElo "2221"]
[BlackElo "2381"]
[TimeControl "180+1"]
[EndTime "11:56:07 PDT"]
[Termination "Grineva_Marianna won by resignation"]

1. e4 e6 2. d4 d5 3. Nd2 Nf6 4. e5 Nfd7 5. Bd3 c5 6. c3 Nc6 7.
Ne2 Be7 8. O-O O-O 9. Nf3 Rb8 10. Bb1 Re8 11. h3 b5 12. Be3 c4 13. a3 a6 14.
Qc2 Nf8 15. Ng3 a5 16. Nh2 b4 17. axb4 axb4 18. Ng4 Bh4 19. Nh5 Ng6 20. g3 bxc3 21. gxh4 Qxh4 22. Kh2 cxb2 23. Ra4 Qxh5 24. Rg1 Nce7 25.
Ra2 Nf5 26. Rxb2 Rxb2 27. Qxb2 Ngh4 28. Nf6+ 1-0

[Event "*** SCC Grand Prix: Titled Tuesday Blitz"]
[Site "Chess.com"]
[Date "2020.08.11"]
[Round "10"]
[White "HrvojeZagreb"]
[Black "mapleaff"]
[Result "0-1"]
[WhiteElo "2136"]
[BlackElo "2346"]
[TimeControl "180+1"]
[EndTime "11:56:13 PDT"]
[Termination "mapleaff won by resignation"]

1. d4 Nf6 2. Bf4 g6 3. Nc3 d6 4. e4 Bg7 5. Qd2 O-O 6. O-O-O a6 7. Bh6 b5 8. f3 Bb7 9. h4 Nbd7 10. h5 e5 11.
Bxg7 Kxg7 12. hxg6 fxg6 13. Qh6+ Kg8 14. Nge2 b4 15. Nb1 Qe7 16. g4 Qg7 17. Qh2 a5 18. Ng3 a4 19. Bc4+ Kh8 20. Be6 Rae8 21. d5 Nc5 22. g5 Ng8 23. Nf5 gxf5 24. Bxf5 Rxf5 25.
exf5 Qxg5+ 26. Nd2 Qxf5 27. Ne4 b3 28. c3 bxa2 29.
Kc2 Nxe4 0-1

[Event "*** SCC Grand Prix: Titled Tuesday Blitz"]
[Site "Chess.com"]
[Date "2020.08.11"]
[Round "10"]
[White "RusPakhom"]
[Black "djano"]
[Result "0-1"]
[WhiteElo "2295"]
[BlackElo "2422"]
[TimeControl "180+1"]
[EndTime "11:56:15 PDT"]
[Termination "djano won by resignation"]

1. e4 Nc6 2. Nf3 d6 3. d4 g6 4. Bb5 a6 5. Bxc6+ bxc6 6. Nc3 Bg7 7. Be3 Nf6 8. Qd2 Ng4 9. Bg5 h6 10. Bh4 Rb8 11. Rb1 O-O 12. O-O Qe8 13. h3 Nf6 14. Rfe1 Nd7 15. e5 dxe5 16. dxe5 Nc5 17. b3 Ne6 18. Rbd1 c5 19. Nd5 g5 20. Bg3 Bb7 21.
c4 Rd8 22. Qa5 Rd7 23. Rd3 c6 24. Red1 cxd5 25. cxd5 Nd4 26. Nxd4 cxd4 27. Rxd4 Qd8 28. R4d3 Qxa5 0-1

[Event "*** SCC Grand Prix: Titled Tuesday Blitz"]
[Site "Chess.com"]
[Date "2020.08.11"]
[Round "10"]
[White "Djager97"]
[Black "vova-79"]
[Result "1/2-1/2"]
[WhiteElo "2587"]
[BlackElo "2469"]
[TimeControl "180+1"]
[EndTime "11:56:16 PDT"]
[Termination "Game drawn by agreement"]

1. e4 e6 2. d4 d5 3. Nc3 dxe4 4. Nxe4 Nd7 5. Nf3 Ngf6 6. Bg5 h6 7. Nxf6+ Nxf6 8.
Bh4 c5 9. Bb5+ Bd7 10. Bxd7+ Qxd7 11. Bxf6 gxf6 12. O-O cxd4 13. Nxd4 Bc5 14. Nf3 Qxd1 15. Raxd1 Ke7 16. c3 Rad8 17. Rfe1 Rhg8 18. Kf1 Bb6 19. g3 Bc5 20. Ke2 Bb6 21. Nd2 h5 22. Nc4 Bc7 23. Rxd8 Rxd8 24. Rd1 Rg8 25. Rd4 Rg4 26.
Ne3 Rxd4 27. cxd4 f5 28. f4 h4 29. Kd3 hxg3 30. hxg3 Kd6 31. Nc4+ Kd5 32. Ne3+ Kd6 33.
b4 b5 34. a3 Bb6 35. Kc3 a6 36. Kd3 1/2-1/2

[Event "*** SCC Grand Prix: Titled Tuesday Blitz"]
[Site "Chess.com"]
[Date "2020.08.11"]
[Round "10"]
[White "Chessalary"]
[Black "chess4life23"]
[Result "0-1"]
[WhiteElo "2287"]
[BlackElo "2425"]
[TimeControl "180+1"]
[EndTime "11:56:17 PDT"]
[Termination "chess4life23 won by resignation"]

1. e4 c6 2. d4 d5 3. Nd2 dxe4 4. Nxe4 Nd7 5. Nf3 Ngf6 6. Ng3 e6 7. Bd3 c5 8. O-O cxd4 9. Nxd4 Bc5 10. Nb3 Bb6 11.
Bg5 O-O 12. Qf3 h6 13. Bxf6 Nxf6 14. Ne4 Nxe4 15. Qxe4 f5 16. Qf3 Qf6 17. Bc4 Kh7 18.
c3 e5 19. Rad1 e4 20. Qe2 Be6 21. Bxe6 Qxe6 22. Kh1 Rae8 23. f4 Rd8 24. Qb5 e3 25.
Rde1 Qe4 26. Nd4 Bxd4 27. cxd4 Rxd4 28. Qe2 Rd2 29. Qf3 e2 30. Rf2 Rd1 31. Rxd1 Qxf3 0-1

[Event "*** SCC Grand Prix: Titled Tuesday Blitz"]
[Site "Chess.com"]
[Date "2020.08.11"]
[Round "10"]
[White "BursaBBSatranc"]
[Black "ChronicUnhappiness"]
[Result "1-0"]
[WhiteElo "2517"]
[BlackElo "2361"]
[TimeControl "180+1"]
[EndTime "11:56:18 PDT"]
[Termination "BursaBBSatranc won by resignation"]

1. d4 Nf6 2. Bf4 e6 3. e3 Bd6 4. Nf3 Bxf4 5. exf4 d6 6. Bd3 b6 7. O-O Bb7 8. Re1 O-O 9. c3 c5 10. Nbd2 cxd4 11. Nxd4 g6 12. Qe2 Nc6 13. N2f3 Nxd4 14. Nxd4 a6 15. Rad1 Nd5 16. g3 b5 17. Be4 Qc7 18. Nc2 Rfe8 19. Qf3 Rab8 20. Ne3 Nxe3 21. Qxe3 Bxe4 22. Qxe4 d5 23. Qd4 a5 24. Re3 Qc4 25. Qf6 Qxa2 26. h4 Qc4 27. h5 gxh5 28. Re5 Qc5 29.
Qh6 f6 30. Qxf6 Rb7 31. Rg5+ 1-0

[Event "*** SCC Grand Prix: Titled Tuesday Blitz"]
[Site "Chess.com"]
[Date "2020.08.11"]
[Round "10"]
[White "MPGM"]
[Black "alfiefischer77"]
[Result "1-0"]
[WhiteElo "2444"]
[BlackElo "2270"]
[TimeControl "180+1"]
[EndTime "11:56:25 PDT"]
[Termination "MPGM won by resignation"]

1. d4 Nf6 2. c4 e6 3. Nf3 Bb4+ 4. Nbd2 b6 5. g3 Bb7 6. Bg2 O-O 7. O-O d5 8. cxd5 exd5 9. a3 Be7 10. Nb1 Nbd7 11. Nc3 Ne4 12. Qc2 Ndf6 13. Bf4 c5 14. dxc5 bxc5 15.
Rfd1 Nxc3 16. Qxc3 Qb6 17. Ne5 Rfd8 18. Qc2 Rac8 19. Rac1 Ba6 20. b3 c4 21. bxc4 dxc4 22. Rxd8+ Qxd8 23. Qa4 Qb6 24. Nxc4 Bxc4 25. Rxc4 Rxc4 26.
Qxc4 Bxa3 27. Bf3 Bc5 28. e3 h6 29. Be5 Nd7 30. Bc3 Qc7 31. Kg2 Bd6 32. Qb3 Ne5 33.
Bd5 Kh7 34. Bd4 Nc6 35. Qc2+ g6 36. Qxc6 1-0

[Event "*** SCC Grand Prix: Titled Tuesday Blitz"]
[Site "Chess.com"]
[Date "2020.08.11"]
[Round "10"]
[White "MNyuyu"]
[Black "igorknyazev"]
[Result "0-1"]
[WhiteElo "2321"]
[BlackElo "1987"]
[TimeControl "180+1"]
[EndTime "11:56:25 PDT"]
[Termination "igorknyazev won by checkmate"]

1. d4 Nf6 2. Nf3 e6 3. Bg5 c5 4. e3 cxd4 5. exd4 Be7 6. c3 Qb6 7. b3 O-O 8. Bd3 Nd5 9. Bxe7 Nxe7 10. Nbd2 Nbc6 11. O-O f5 12. Qe2 Nd5 13. Rac1 Nf4 14. Qe3 Nxd3 15. Qxd3 Qa6 16. Qc2 b5 17. Rfe1 Bb7 18.
h3 Rac8 19. Qb1 Ne7 20. Ne5 Qd6 21. Ndf3 Nc6 22. Red1 Qe7 23. c4 d6 24. Nxc6 Bxc6 25. d5 Bb7 26. Re1 e5 27. Nd4 bxc4 28. bxc4 Rb8 29. Qc2 Qf6 30. Ne6 Rfe8 31. Rb1 Qg6 32.
Nc7 Rec8 33. Ne6 Bxd5 34. Rxb8 Qxg2# 0-1

[Event "*** SCC Grand Prix: Titled Tuesday Blitz"]
[Site "Chess.com"]
[Date "2020.08.11"]
[Round "10"]
[White "ftorodent"]
[Black "Sergey85Rodchenkov"]
[Result "1-0"]
[WhiteElo "2663"]
[BlackElo "2486"]
[TimeControl "180+1"]
[EndTime "11:56:27 PDT"]
[Termination "ftorodent won by resignation"]

1. d4 Nf6 2. c4 e6 3. Nf3 b6 4. a3 Bb7 5. Nc3 Ne4 6. Nxe4 Bxe4 7. e3 f5 8. Bd3 Bb7 9. Qe2 Be7 10. e4 O-O 11. exf5 exf5 12. O-O d6 13. Re1 Rf7 14.
d5 Nd7 15. Nd4 Nc5 16. Bxf5 Bf6 17. Ne6 Re7 18. Nxd8 Rxe2 19. Rxe2 Rxd8 20. Be3 Na4 21. Rb1 Ba6 22. Rc2 g6 23. Be6+ Kg7 24. b3 Nc3 25. Re1 b5 26. Bd2 bxc4 27. Bxc3 cxb3 28. Bxf6+ Kxf6 29. Rc3 Rb8 30. Rb1 b2 31. Rc2 Bd3 32.
Rcxb2 1-0

[Event "*** SCC Grand Prix: Titled Tuesday Blitz"]
[Site "Chess.com"]
[Date "2020.08.11"]
[Round "10"]
[White "RobertoJBM"]
[Black "Bodnar_Mykola"]
[Result "1-0"]
[WhiteElo "2710"]
[BlackElo "2541"]
[TimeControl "180+1"]
[EndTime "11:56:29 PDT"]
[Termination "RobertoJBM won by resignation"]

1. d4 Nf6 2. c4 c5 3. d5 b5 4.
cxb5 a6 5. b6 Qxb6 6. Nc3 d6 7.
e4 g6 8. Nf3 Bg7 9. Be2 O-O 10.
O-O a5 11. Nd2 Ba6 12. Re1 Bxe2 13. Rxe2 Na6 14. Nc4 Qb4 15. Qd3 Nd7 16. Bg5 Rfe8 17. Rc1 Nc7 18. Bd2 Qb7 19. b3 Nb5 20. Na4 Nd4 21. Ree1 Reb8 22. Bc3 Ne5 23. Nxe5 Bxe5 24. Bxd4 Bxd4 25. Rc4 Qa6 26. Rec1 Rb4 27. Kf1 Kg7 28.
Ke2 Rab8 29. Rxd4 Qc8 30. Rxb4 Rxb4 31. Rc4 Qg4+ 32. Qf3 Qg5 33. Rxb4 axb4 34. g3 Qc1 35. Qd3 Qa1 36. Qc2 f6 37. h4 h5 38. Nb6 Kf7 39.
Nc4 Qd4 40. Kf3 f5 41. Ne3 fxe4+ 42. Qxe4 Qf6+ 43. Qf4 Qxf4+ 44. Kxf4 Kf6 45. f3 e6 46. g4 hxg4 47. fxg4 exd5 48. Nxd5+ Ke6 49. Ke4 Kd7 50. h5 gxh5 51. gxh5 Ke6 52. Nc7+ Kd7 53. h6 1-0

[Event "*** SCC Grand Prix: Titled Tuesday Blitz"]
[Site "Chess.com"]
[Date "2020.08.11"]
[Round "10"]
[White "NateSolon"]
[Black "LubovMarkelova"]
[Result "1-0"]
[WhiteElo "2499"]
[BlackElo "2275"]
[TimeControl "180+1"]
[EndTime "11:56:29 PDT"]
[Termination "NateSolon won on time"]

1. d4 Nf6 2. c4 e6 3. Nf3 d5 4. Nc3 Bb4 5. cxd5 exd5 6. Bf4 Nc6 7.
e3 Bf5 8. Be2 Ne4 9. Qb3 g5 10.
Be5 f6 11. Bg3 h5 12. h4 Nxg3 13. fxg3 Qd6 14. Kf2 O-O-O 15. Rac1 gxh4 16. Nxh4 Be6 17. Nb5 Qd7 18. Nxa7+ Nxa7 19. Qxb4 Nc6 20. Qa4 Kb8 21. Bb5 Qc8 22. Rxc6 1-0

[Event "*** SCC Grand Prix: Titled Tuesday Blitz"]
[Site "Chess.com"]
[Date "2020.08.11"]
[Round "10"]
[White "Alexander_Zubov"]
[Black "hansen"]
[Result "0-1"]
[WhiteElo "2835"]
[BlackElo "2933"]
[TimeControl "180+1"]
[EndTime "11:56:31 PDT"]
[Termination "hansen won by resignation"]

1. d4 Nf6 2. c4 e6 3. Nf3 d5 4. Nc3 Be7 5. Bg5 h6 6. Bh4 Ne4 7. Bxe7 Qxe7 8. cxd5 Nxc3 9. bxc3 exd5 10. Qb3 c6 11. e3 O-O 12. c4 Be6 13. Rc1 Nd7 14.
Be2 Nb6 15. c5 Nc4 16. O-O Rfb8 17. Qc3 b5 18. cxb6 axb6 19. Nd2 b5 20. Ra1 Ra3 21. Qc2 Bf5 22. Qxf5 Nxd2 23. Rfc1 Nc4 24. Rc2 Rba8 25. g3 g6 26. Qf4 Kg7 27. h4 h5 28. Kg2 Rxe3 29. Bxc4 Re4 30. Qd2 dxc4 31. d5 Qf6 32. Rd1 Rd8 33. Qa5 Rxd5 34. Rxd5 cxd5 35. Qxb5 Qd4 36. a4 Re1 37. Ra2 Qe4+ 38. f3 Re2+ 39. Rxe2 Qxe2+ 40. Kh3 Qxf3 41. Qb2+ c3 0-1

[Event "*** SCC Grand Prix: Titled Tuesday Blitz"]
[Site "Chess.com"]
[Date "2020.08.11"]
[Round "10"]
[White "politeplayer"]
[Black "albano87"]
[Result "0-1"]
[WhiteElo "2265"]
[BlackElo "2562"]
[TimeControl "180+1"]
[EndTime "11:56:31 PDT"]
[Termination "albano87 won on time"]

1. e4 c5 2. Nf3 Nc6 3. d4 cxd4 4. Nxd4 Nf6 5. Nc3 d6 6. Bg5 Bd7 7. Be2 Nxd4 8. Qxd4 Qa5 9. Bd2 e5 10. Qd3 Qc7 11. Nb5 Bxb5 12. Qxb5+ Qc6 13. Qb3 a6 14. O-O-O Be7 15. Bg5 O-O 16. Bxf6 Bxf6 17. f3 a5 18. Bb5 Qc5 19. Rd5 Qf2 20. Rxd6 Qxg2 21. Rhd1 Qxh2 22.
Bc4 a4 23. Qxb7 a3 24. Bxf7+ Kh8 25. Bb3 Qf4+ 26. Kb1 Qxf3 27. bxa3 Rab8 28. Qd5 Bg5 29. a4 Be3 30. Qxe5 Bf4 31. Qd5 Rxb3+ 0-1

[Event "*** SCC Grand Prix: Titled Tuesday Blitz"]
[Site "Chess.com"]
[Date "2020.08.11"]
[Round "10"]
[White "Mikhail_Golubev"]
[Black "maximnovik"]
[Result "1-0"]
[WhiteElo "2583"]
[BlackElo "2458"]
[TimeControl "180+1"]
[EndTime "11:56:33 PDT"]
[Termination "Mikhail_Golubev won on time"]

1. e4 c6 2. d4 d5 3. Nc3 dxe4 4. Nxe4 Bf5 5. Ng3 Bg6 6. c3 Nf6 7. Nh3 e6 8. Nf4 Bd6 9. h4 Qc7 10. Qf3 Nbd7 11. h5 Bc2 12. h6 g6 13. Bd3 Bxd3 14. Nxd3 O-O 15. Bg5 Nd5 16. Ne4 e5 17. c4 f5 18. Nxd6 Qxd6 19. cxd5 e4 20. Qg3 Qxd5 21. Nf4 Qxd4 22. O-O 1-0

[Event "*** SCC Grand Prix: Titled Tuesday Blitz"]
[Site "Chess.com"]
[Date "2020.08.11"]
[Round "10"]
[White "Kislov_Oleg"]
[Black "Matols"]
[Result "1-0"]
[WhiteElo "2388"]
[BlackElo "2225"]
[TimeControl "180+1"]
[EndTime "11:56:38 PDT"]
[Termination "Kislov_Oleg won by resignation"]

1. e4 e6 2. d4 d5 3. Nc3 Nf6 4. Bg5 Bb4 5. e5 h6 6. Bd2 Bxc3 7. bxc3 Ne4 8. Qg4 Kf8 9. Bc1 c5 10. Bd3 Nxc3 11. dxc5 Nc6 12. Nf3 Qa5 13. O-O Qxc5 14.
a4 Ne7 15. Ba3 Qc7 16. Bd6 Qd8 17. Qd4 Ne4 18. c4 Nxd6 19. exd6 Qxd6 20. cxd5 Qxd5 21. Qe3 Bd7 22. Be4 Qh5 23. Bxb7 Rd8 24. Qxa7 g6 25.
a5 Kg7 26. a6 Nc6 27. Qb6 Ne5 28.
Qb2 f6 29. Nxe5 fxe5 30. a7 1-0

[Event "*** SCC Grand Prix: Titled Tuesday Blitz"]
[Site "Chess.com"]
[Date "2020.08.11"]
[Round "10"]
[White "eightbyeightchess"]
[Black "GalperinPlaton"]
[Result "1-0"]
[WhiteElo "2466"]
[BlackElo "2603"]
[TimeControl "180+1"]
[EndTime "11:56:39 PDT"]
[Termination "eightbyeightchess won by checkmate"]

1. e4 c5 2. Nf3 a6 3. d4 cxd4 4.
Nxd4 e5 5. Nb3 Nf6 6. Nc3 Bb4 7. Bc4 O-O 8. O-O Bxc3 9. bxc3 Nxe4 10. Ba3 d6 11. Qd3 Bf5 12. Rae1 Bg6 13. Rxe4 Nd7 14.
Bxd6 Bxe4 15. Qxe4 Re8 16. Qxb7 Rc8 17. Bxa6 Nb6 18.
Bc5 Na4 19. Qxc8 Qxc8 20. Bxc8 Rxc8 21. Bb4 f6 22. Rd1 Nb2 23. Rd7 Ra8 24. a3 Nc4 25. h3 h5 26. Nc5 Nb6 27. Rb7 Nc4 28. Ne6 g5 29. Rg7+ Kh8 30. Rf7 f5 31. Be7 Ra6 32. Bf6+ Kg8 33. Rg7+ Kh8 34. Rg6+ Kh7 35. Nf8# 1-0